 Dungeon Crawl Stone Soup version 0.31-a0-152-g6aa68a64a1 (webtiles) character file.

Game seed: 12879434134611580958

264 qw the Shooter (level 6, -3/56 HPs)
             Began as a Naga Hunter on June 9, 2023.
             Slain by Pikel
             ... wielding a +2 whip of flaming
              (4 damage)
             ... on level 4 of the Dungeon.
             The game lasted 00:00:56 (2377 turns).

qw the Shooter (Naga Hunter)                        Turns: 2377, Time: 00:00:57

Health: -3/56      AC:  3    Str: 13    XL:     6   Next: 19%
Magic:  6/6        EV:  9    Int: 10    God:
Gold:   137        SH:  5    Dex: 16    Spells: 5/5 levels left

rFire   . . .        Y - +0 shortbow
rCold   . . .        (shield currently unavailable)
rNeg    . . .        c - +0 leather armour
rPois   +            (no helmet)
rElec   .            (no cloak)
rCorr   .            (no gloves)
SInv    +            (no barding)
Will    .....        b - amulet of reflection
Stlth   ++           (no ring)
HPRegen 0.29/turn    (no ring)
MPRegen 0.10/turn

%: reflection
@: short of breath, very slow
A: AC +2, large, see invisible, deformed body, poison resistance, slowness 2,
spit poison 1, naga tail 1
a: Spit Poison


You were on level 4 of the Dungeon.
You visited 1 branch of the dungeon, and saw 4 of its levels.

You collected 137 gold pieces.


Innate Abilities, Weirdness & Mutations

Your serpentine skin is tough. (AC +2)
You have supernaturally acute eyesight. (SInv)
Armour fits poorly on your strangely shaped body.
Your system is resistant to poisons. (rPois)
You cover ground very slowly.
You can spit poison.
You have a snake-like lower body.


   Skills:
 + Level 3.2 Fighting
 - Level 6.2 Ranged Weapons
 - Level 1.5 Dodging
 - Level 1.5 Stealth


You had 5 spell levels left.
You didn't know any spells.
Your spell library was empty.

Inventory:

Hand Weapons
 Y - a +0 shortbow (weapon)
Armour
 c - a +0 leather armour (worn)
Jewellery
 b - an amulet of reflection (around neck)
Scrolls
 e - a scroll of identify
 g - a scroll of enchant armour
Potions
 d - a potion of curing
 f - a potion of magic {unknown}
 i - a potion of might
 j - a potion of degeneration {unknown}

Dungeon Overview and Level Annotations

Branches:
Dungeon (4/15)
 Temple: D:4-7

Altars:
Ashenzari
Trog
The Shining One

Annotations:
D:4 Pikel


Message History

You shoot an arrow. The arrow closely misses the lemure.
The ogre shouts!
You have got your breath back.
You block the lemure's attack. The lemure hits you!
2371 ||| INVOKING Spit Poison.
Aiming: Spit Poison (1% risk of failure)
Press: ? - help, Shift-Dir - straight line, f/p - lemure The splash of poison misses the lemure.
The lemure closely misses you. You block the lemure's attack.
You shoot an arrow.
The arrow hits Pikel but does no damage.
You block the lemure's attack. You block Pikel's attack.
Pikel hits you with a +2 whip of flaming!
Pikel burns you.
The lemure hits you but does no damage. x2
You shoot an arrow.
The arrow hits Pikel but does no damage.
Pikel hits you with a +2 whip of flaming!
Pikel burns you.
The lemure barely misses you. x2; The lemure hits you.
You shoot an arrow. The arrow closely misses Pikel.
Pikel hits you with a +2 whip of flaming.
Pikel burns you.
A hobgoblin comes into view.
The lemure hits you. The lemure hits you but does no damage.
The lemure hits you!
2375 ||| DRINKING potion of heal wounds.
You feel much better.
Pikel hits you with a +2 whip of flaming!
Pikel burns you. The lemure misses you. The lemure closely misses you.
The lemure hits you but does no damage.
You shoot an arrow. The arrow closely misses Pikel.
You have got your breath back.
Pikel hits you with a +2 whip of flaming.
Pikel burns you. The lemure hits you. The lemure closely misses you.
The lemure hits you.
2377 ||| INVOKING Spit Poison.
Aiming: Spit Poison (1% risk of failure)
Press: ? - help, Shift-Dir - straight line, f/p - Pikel The splash of poison misses Pikel.
Pikel hits you with a +2 whip of flaming.
You die...

##.......##
##.......##
#....##...#
##....#...#######
##..............
##............#
####......#.
##.55..##
##@5O..#
#..K..#.g)
##....# #.
##..... .....).
....... ....#..
..#####


You could see Pikel, an ogre, 3 lemures and a hobgoblin (wandering).

Vanquished Creatures
  Sigmund (D:2)
  A lemure (D:4)
  2 adders
  3 dart slugs
  8 orcs (D:3)
  8 endoplasms
  5 goblins
  12 hobgoblins
  7 kobolds
  5 quokkas
  4 ball pythons
  6 bats
  4 frilled lizards
  A rat (D:3)
67 creatures vanquished.

Notes
Turn   | Place    | Note
-------+----------+-------------------------------------------
     0 | D:1      | qw the Naga Hunter began the quest for the Orb.
     0 | D:1      | Reached XP level 1. HP: 19/19 MP: 1/1
     0 | D:1      | 0 ||| qw: Version: 0.2-a-122-gbc61b45
     0 | D:1      | 0 ||| qw: Game counter: 3464
     0 | D:1      | 0 ||| qw: Always use a shield: true
     0 | D:1      | 0 ||| qw: God list: Okawaru
     0 | D:1      | 0 ||| qw: Allow faded altars: false
     0 | D:1      | 0 ||| qw: Do Orc after D:15 true
     0 | D:1      | 0 ||| qw: Do second Lair branch before Depths: true
     0 | D:1      | 0 ||| qw: Lair rune preference: random
     0 | D:1      | 0 ||| qw: Plans: Normal
     0 | D:1      | 0 ||| PLANNING D:1-11
    36 | D:1      | 36 ||| INVOKING Spit Poison.
    41 | D:1      | 41 ||| INVOKING Spit Poison.
    66 | D:1      | 66 ||| INVOKING Spit Poison.
    83 | D:1      | 83 ||| INVOKING Spit Poison.
    88 | D:1      | 88 ||| INVOKING Spit Poison.
   185 | D:1      | 185 ||| INVOKING Spit Poison.
   186 | D:1      | 186 ||| INVOKING Spit Poison.
   187 | D:1      | Reached skill level 4 in Ranged Weapons
   187 | D:1      | Reached XP level 2. HP: 26/26 MP: 2/2
   197 | D:1      | 197 ||| INVOKING Spit Poison.
   201 | D:1      | 201 ||| INVOKING Spit Poison.
   223 | D:1      | 223 ||| INVOKING Spit Poison.
   228 | D:1      | 228 ||| INVOKING Spit Poison.
   311 | D:1      | 311 ||| INVOKING Spit Poison.
   325 | D:1      | 325 ||| INVOKING Spit Poison.
   328 | D:1      | 328 ||| INVOKING Spit Poison.
   367 | D:1      | 367 ||| INVOKING Spit Poison.
   371 | D:1      | 371 ||| INVOKING Spit Poison.
   375 | D:1      | 375 ||| INVOKING Spit Poison.
   376 | D:1      | 376 ||| INVOKING Spit Poison.
   379 | D:1      | 379 ||| INVOKING Spit Poison.
   393 | D:1      | Reached XP level 3. HP: 32/32 MP: 3/3
   499 | D:1      | 499 ||| INVOKING Spit Poison.
   503 | D:1      | 503 ||| INVOKING Spit Poison.
   628 | D:1      | 628 ||| INVOKING Spit Poison.
   802 | D:1      | 802 ||| UPGRADING to amulet of guardian spirit.
   807 | D:1      | 807 ||| READING scroll labelled COSOTHR MUMIW.
   808 | D:1      | 808 ||| READING 2 scrolls labelled RASESI SEBISA.
   809 | D:1      | 809 ||| DROPPING scroll of butterflies.
   863 | D:2      | Noticed Sigmund
   864 | D:2      | 864 ||| INVOKING Spit Poison.
   870 | D:2      | 870 ||| INVOKING Spit Poison.
   870 | D:2      | Killed Sigmund
   871 | D:2      | Reached skill level 6 in Ranged Weapons
   871 | D:2      | Reached XP level 4. HP: 28/39 MP: 4/4
   871 | D:2      | Reached XP level 5. HP: 33/45 MP: 5/5
   948 | D:2      | 948 ||| INVOKING Spit Poison.
  1050 | D:2      | 1050 ||| INVOKING Spit Poison.
  1061 | D:2      | 1061 ||| INVOKING Spit Poison.
  1065 | D:2      | 1065 ||| INVOKING Spit Poison.
  1139 | D:2      | Found a faded altar of an unknown god.
  1157 | D:2      | 1157 ||| INVOKING Spit Poison.
  1175 | D:2      | 1175 ||| INVOKING Spit Poison.
  1181 | D:2      | 1181 ||| INVOKING Spit Poison.
  1197 | D:2      | 1197 ||| INVOKING Spit Poison.
  1201 | D:2      | 1201 ||| INVOKING Spit Poison.
  1205 | D:2      | 1205 ||| INVOKING Spit Poison.
  1259 | D:2      | 1259 ||| INVOKING Spit Poison.
  1563 | D:2      | 1563 ||| UPGRADING to amulet of reflection.
  1573 | D:2      | 1573 ||| DROPPING amulet of guardian spirit.
  1574 | D:2      | 1574 ||| READING scroll labelled GEEHIEDUPID.
  1575 | D:2      | 1575 ||| READING scroll labelled MYHUAT CEPUKAO.
  1576 | D:2      | 1576 ||| READING scroll labelled LASOKO IDOPHOKET.
  1577 | D:2      | 1577 ||| DRINKING 2 viscous cyan potions.
  1578 | D:2      | 1578 ||| READING 4 scrolls of identify.
  1578 | D:2      | 1578 ||| IDENTIFYING dark potion
  1579 | D:2      | 1579 ||| READING 3 scrolls of identify.
  1579 | D:2      | 1579 ||| IDENTIFYING viscous puce potion
  1580 | D:2      | 1580 ||| READING 2 scrolls of identify.
  1580 | D:2      | 1580 ||| IDENTIFYING pink potion
  1581 | D:2      | 1581 ||| DROPPING potion of attraction.
  1610 | D:3      | 1610 ||| INVOKING Spit Poison.
  1618 | D:3      | 1618 ||| INVOKING Spit Poison.
  1626 | D:3      | Found a bloodstained altar of Trog.
  1628 | D:3      | 1628 ||| INVOKING Spit Poison.
  1632 | D:3      | 1632 ||| INVOKING Spit Poison.
  1633 | D:3      | Reached XP level 6. HP: 51/55 MP: 6/6
  1655 | D:3      | 1655 ||| INVOKING Spit Poison.
  1665 | D:3      | 1665 ||| INVOKING Spit Poison.
  1688 | D:3      | Found a glowing golden altar of the Shining One.
  1754 | D:3      | 1754 ||| INVOKING Spit Poison.
  1782 | D:3      | Found a broken altar of Ashenzari.
  1804 | D:3      | 1804 ||| INVOKING Spit Poison.
  1861 | D:3      | 1861 ||| INVOKING Spit Poison.
  1882 | D:3      | 1882 ||| INVOKING Spit Poison.
  2031 | D:3      | 2031 ||| INVOKING Spit Poison.
  2036 | D:3      | Reached skill level 3 in Fighting
  2104 | D:3      | 2104 ||| INVOKING Spit Poison.
  2132 | D:3      | 2132 ||| INVOKING Spit Poison.
  2219 | D:3      | 2219 ||| INVOKING Spit Poison.
  2225 | D:3      | 2225 ||| INVOKING Spit Poison.
  2315 | D:3      | 2315 ||| READING scroll labelled GUCAUBL IBLUMM.
  2318 | D:3      | 2318 ||| READING scroll labelled EGACZU VUCANU.
  2325 | D:3      | 2325 ||| INVOKING Spit Poison.
  2359 | D:4      | 2359 ||| INVOKING Spit Poison.
  2364 | D:4      | 2364 ||| INVOKING Spit Poison.
  2365 | D:4      | Noticed Pikel
  2371 | D:4      | 2371 ||| INVOKING Spit Poison.
  2374 | D:4      | HP: 14/56 [Pikel/+2 whip of flaming (3)]
  2374 | D:4      | HP: 4/56 [lemure[Pikel] (8)]
  2375 | D:4      | 2375 ||| DRINKING potion of heal wounds.
  2376 | D:4      | HP: 1/56 [lemure[Pikel] (3)]
  2377 | D:4      | 2377 ||| INVOKING Spit Poison.
  2377 | D:4      | Slain by Pikel

Levels and vault maps discovered:
D:1:      nzn_arrival_depleted_hourglass, layout_basic
D:2:      layout_basic, shapermc_ecumenical_altar_venn, nrook_uturn,
          uniq_sigmund
D:3:      layout_loops_ring, tso_oasis_becter, ashenzari_altar_1,
          old_standard_altar, serial_bayou_pond_a
D:4:      minmay_recursive_quarters, layout_cave_pools, elyvilon_altar_4,
          uniq_pikel

Skill      XL: |  1  2  3  4  5  6 |
---------------+-------------------+-----
Ranged Weapons | 4 6 |  6.2
Fighting       | 3 |  3.2
Dodging        | |  1.5
Stealth        | |  1.5

Action                     |  1- 3 |  4- 6 || total
---------------------------+-------+-------++-------
   Fire: Shortbow          |    54 |    85 ||   139
Ability: Spit Poison       |    22 |    31 ||    53
    Use: Scroll            |     2 |     8 ||    10
         Potion            |       |     2 ||     2
 Armour: Leather armour    |     6 |    14 ||    20
  Dodge: Dodged            |    14 |    19 ||    33
  Block: Other             |       |     7 ||     7
         Reflection        |       |     1 ||     1

Table legend:
 A = Non-vault XP
 B = Vault XP
 C = Vault XP percentage of total XP
 D = Non-vault monster count
 E = Vault monster count
 F = Vault count percentage of total count
                 A         B        C        D         E       F
            +---------+---------+-------+---------+---------+-------
      Total |     152 |     226 |  59.8 |      65 |       1 |   1.5
            +---------+---------+-------+---------+---------+-------
        D:1 |      49 |       0 |   0.0 |      26 |       0 |   0.0
        D:2 |      33 |     226 |  87.3 |      12 |       1 |   7.7
        D:3 |      66 |       0 |   0.0 |      25 |       0 |   0.0
        D:4 |       4 |       0 |   0.0 |       2 |       0 |   0.0
            +---------+---------+-------+---------+---------+-------
